 Dungeon Crawl Stone Soup version 0.27-a0-1232-gc6a4cbde82 (webtiles) character file.

Game seed: 1114057242125672973

26 ZappyNine the Skirmisher (level 3, -7/60 HPs)
             Began as an Ogre Berserker on June 8, 2021.
             Was a Follower of Trog.
             Mangled by Terence
             ... wielding a +0 flail
              (8 damage)
             ... on level 2 of the Dungeon.
             The game lasted 00:00:40 (768 turns).

ZappyNine the Skirmisher (Ogre Berserker)            Turns: 768, Time: 00:00:41

Health: -7/60      AC:  3    Str: 21    XL:     3   Next: 8%
Magic:  3/3        EV: 10    Int:  8    God:    Trog [*.....]
Gold:   13         SH:  0    Dex:  9    Spells: 2/2 levels left

rFire    . . .     SeeInvis .   a - +0 mace
rCold    . . .     Faith    .   (no shield)
rNeg     . . .     Spirit   .   b - +0 animal skin
rPois    .         Reflect  .   (helmet restricted)
rElec    .         Harm     .   (no cloak)
rCorr    .         Rampage  .   (gloves unavailable)
Will     .....                  (boots unavailable)
Stlth    ..........             (no amulet)
HPRegen  0.20/turn              (no ring)
MPRegen  0.08/turn              (no ring)

@: berserking (expiring), very quick
A: large, unfitting armour, tough skin 1
a: Renounce Religion, Berserk


You were on level 2 of the Dungeon.
You worshipped Trog.
Trog was aware of your devotion.
You visited 1 branch of the dungeon, and saw 2 of its levels.

You collected 13 gold pieces.

Inventory:

Hand Weapons
 a - a +0 mace (weapon)
Armour
 b - a +0 animal skin (worn)
Potions
 c - a potion of curing
 d - a potion of might {unknown}
 e - a potion of berserk rage {unknown}
 f - a potion of heal wounds {unknown}


   Skills:
 + Level 4.5 Fighting
 * Level 3.4 Maces & Flails
 - Level 2.6 Dodging


You had 2 spell levels left.
You didn't know any spells.
Your spell library was empty.

Dungeon Overview and Level Annotations

Branches:
Dungeon (1/15)

Altars:

Annotations:
D:2 Terence


Innate Abilities, Weirdness & Mutations

You are too large for most types of armour.
You have tough skin. (AC +1)


Message History

A red film seems to cover your vision as you go berserk!
You feel yourself moving faster!
You feel mighty! Terence hits you with a +0 flail.
* * * LOW HITPOINT WARNING * * *
You barely miss Terence.
Terence is lightly wounded.
Terence hits you with a +0 flail.
* * * LOW HITPOINT WARNING * * *
You closely miss Terence.
Terence is lightly wounded.
You barely miss Terence.
Terence is lightly wounded.
Terence completely misses you. The goblin hits you but does no damage.
You hit Terence.
Terence is lightly wounded.
Terence hits you with a +0 flail.
* * * LOW HITPOINT WARNING * * *
The goblin barely misses you.
Unknown command.
You sock Terence!
Terence is almost dead.
Terence drinks a potion.
Terence is healed!
The goblin closely misses you.
Unknown command.
You sock the goblin!
You kill the goblin!
Trog accepts your kill. Terence hits you with a +0 flail.
* * * LOW HITPOINT WARNING * * *
Unknown command.
You hit Terence.
Terence is severely wounded.
Unknown command.
You hit Terence but do no damage.
Terence is severely wounded.
Terence hits you with a +0 flail.
* * * LOW HITPOINT WARNING * * *
You hit Terence but do no damage.
Terence is severely wounded.
Terence hits you with a +0 flail!
You die...

#........# #..
#........# #.# #.# #.#
####.# #.## #....# #.<#
#.#### #..# #.#.##
#..##########†...# ##
#.)......#...†..## ..
#@# #.#.†#### #. #@# ..
#......
...#..#g###########...##
.....J.J..........#...#.
...##.#.#########.#...##
#.... #)#..... ..#!.##
######.#...## #.#.#..#
#....#.#..... . # ..>.
#.##.#.#....#


You could see Terence, an endoplasm and a hobgoblin.

Vanquished Creatures
  An adder (D:2)
  A worm (D:2)
  An endoplasm (D:2)
  A giant cockroach (D:2)
  A goblin (D:2)
  A hobgoblin (D:2)
  4 jackals (D:2)
  A kobold (D:2)
  2 frilled lizards (D:2)
13 creatures vanquished.

Notes
Turn   | Place    | Note
-------+----------+-------------------------------------------
     0 | D:1      | ZappyNine the Ogre Berserker began the quest for the Orb.
     0 | D:1      | Reached XP level 1. HP: 24/24 MP: 1/1
     6 | D:1      | You fall into a shaft and drop 1 floor!
   426 | D:2      | Reached XP level 2. HP: 32/32 MP: 2/2
   654 | D:2      | Reached XP level 3. HP: 40/40 MP: 3/3
   749 | D:2      | Noticed Terence
   767 | D:2      | HP: 1/60 [Terence/+0 flail (4)]
   768 | D:2      | Mangled by Terence

Illustrated notes

Levels and vault maps discovered:
D:1:      sevenhm_arrival_forest_fort_small_4, layout_loops_corners,
          hellmonk_ecumenical_altar_prayer_group, minmay_pentomino_u2
D:2:      layout_basic, chequers_serial_rivers_micro_d, uniq_jessica,
          uniq_terence

Skill      XL: |  1 |
---------------+----+-----
Maces & Flails | 3 |  3.4
Fighting       | |  4.5
Dodging        | |  2.6

Action                   || total
-------------------------++-------
Melee: Mace              ||    58
Invok: Berserk           ||     3
Armor: Animal skin       ||    18
Dodge: Dodged            ||    41

Table legend: (Time is in decaauts)
 A = Elapsed time spent in this place.
 B = Non-inter-level travel time spent in this place.
 C = Inter-level travel time spent in this place.
 D = Time resting spent in this place.
 E = Time spent auto-exploring this place.
 F = Levels seen in this place.
 G = Mean time per level.
                   A        B        C        D        E       F      G
               +--------+--------+--------+--------+--------+-----+--------+
         Total |    793 |    793 |      0 |    402 |    282 |   2 |  396.5 |
       Dungeon |    793 |    793 |      0 |    402 |    282 |   2 |  396.5 |
               +--------+--------+--------+--------+--------+-----+--------+

Top non-repeatable levels by time:
     D:2: 787 daAuts
     D:1: 6 daAuts
